 Dungeon Crawl Stone Soup version 0.23-a0-32-g1388f29 (webtiles) character file.

119 Gergoth the Skirmisher (level 5, -1/59 HPs)
             Began as an Ogre Fighter on Aug 4, 2018.
             Slain by a quokka (2 damage)
             ... summoned by Eustachio
             ... on level 4 of the Dungeon.
             The game lasted 00:06:19 (2487 turns).

Gergoth the Skirmisher (Ogre Fighter)               Turns: 2487, Time: 00:06:20

Health: -1/59      AC:  5    Str: 25    XL:     5   Next: 3%
Magic:  5/5        EV:  8    Int: 10    God:
Gold:   124        SH:  8    Dex:  8    Spells: 4/4 levels left

rFire    . . .     SeeInvis .   a - +0 flail
rCold    . . .     Gourm    .   c - +0 shield
rNeg     . . .     Faith    .   b - +0 robe
rPois    .         Spirit   .   (helmet restricted)
rElec    .         Reflect  .   e - +1 cloak
rCorr    .         Harm     .   (gloves unavailable)
MR       .....                  (boots unavailable)
Stlth    +.........             (no amulet)
HPRegen  0.19/turn              (no ring)
MPRegen  0.09/turn              (no ring)

@: mighty, very slightly contaminated
A: large, unfitting armour, tough skin 1
a: no special abilities


You were on level 4 of the Dungeon.
You were not hungry.

You visited 1 branch of the dungeon, and saw 4 of its levels.

You collected 124 gold pieces.

Inventory:

Hand Weapons
 a - a +0 flail (weapon)
Missiles
 m - 5 javelins (quivered)
Armour
 b - a +0 robe (worn)
 c - a +0 shield (worn)
 e - a +1 cloak (worn)
 k - a cursed +0 robe
Scrolls
 h - 3 scrolls of remove curse
 l - 3 scrolls of identify
 n - 4 scrolls of amnesia
Potions
 i - 4 potions of curing
 j - a potion of ambrosia {unknown}
 q - a potion of flight {unknown}
 s - 2 potions of mutation {unknown}
Comestibles
 f - 8 rations
 r - a chunk of flesh


   Skills:
 + Level 5.9 Fighting
 + Level 3.4 Maces & Flails
 - Level 2.6 Dodging
 - Level 2.6 Shields


You had 4 spell levels left.
You didn't know any spells.
Your spell library was empty.

Dungeon Overview and Level Annotations

Branches:
Dungeon (4/15)             Temple (0/1) D:4

Altars:

Annotations:
D:2 Sigmund
D:4 Eustachio


Innate Abilities, Weirdness & Mutations

You are too large for most types of armour.
You have tough skin. (AC +1)


Message History

* * * LOW HITPOINT WARNING * * *
The phantom hits you but does no damage.
The white imp hits you but does no damage.
You block the quokka's attack.
You closely miss Eustachio.
The white imp disappears in a puff of smoke! x2
Eustachio barely misses you. The phantom barely misses you.
The quokka bites you.
* * * LOW HITPOINT WARNING * * *
You block Eustachio's attack.
You hit Eustachio.
Eustachio is lightly wounded.
The phantom hits you.
* * * LOW HITPOINT WARNING * * *
The phantom blinks!
The quokka closely misses you.
Eustachio casts a spell.
The phantom hits you.
* * * LOW HITPOINT WARNING * * *
The phantom blinks!
The quokka bites you.
You die...

*,,*,*,,************
**,*,** *,,,,,,,* *,,**
*,,*,*,,* *,** *,,*,*,,*
####### *,* *,,*,*,,*
#W....# *,* *,,,,,,,*
#.....# *,* ****,****
#.....# ***,**** *,*
#§§rr.# *,,,,,,* *,*
#..@..# *,*,**,* *,*
###@### *,*,**,* *,*****
#.r$# *,*,,*,* *>,8>8*
#.########,**,*,*
****,,*
#..@.....#,,,,,,*** **,*
#.##.#?#.#,,,,,,,,*
####### *,*
#...5#.#,,,,,,***,*
......#
*.###.#..#.#**,,,,,,,,**
.####.# *.......5#.#
*,*,*,,,,,,


You could see Eustachio, a phantom, a river rat and 2 quokkas.

Vanquished Creatures
  6 adders
  2 worms
  4 orcs
  2 giant cockroaches
  8 goblins
  7 hobgoblins
  3 jackals (D:1)
  7 kobolds
  A ball python (D:1)
  5 bats
  2 frilled lizards (D:1)
  10 rats
57 creatures vanquished.

Notes
Turn   | Place    | Note
-------+----------+-------------------------------------------
     0 | D:1      | Gergoth the Ogre Fighter began the quest for the Orb.
     0 | D:1      | Reached XP level 1. HP: 24/24 MP: 1/1
   195 | D:1      | Reached XP level 2. HP: 33/33 MP: 2/2
   483 | D:1      | Reached XP level 3. HP: 26/40 MP: 3/3
   688 | D:2      | Reached skill level 5 in Fighting
  1007 | D:2      | Reached XP level 4. HP: 41/50 MP: 4/4
  1186 | D:2      | Noticed Sigmund
  1271 | D:2      | Found a faded altar of an unknown god.
  2258 | D:4      | Reached XP level 5. HP: 59/59 MP: 5/5
  2444 | D:4      | Noticed a phantom
  2455 | D:4      | Noticed Eustachio
  2487 | D:4      | HP: 1/59 [phantom (4)]
  2487 | D:4      | Slain by a quokka

Vault maps used:
D:1:      arrival_zaba_pyramid
D:2:      chequers_ecumenical_altar_simple_redux, uniq_sigmund
D:3:      first_ration
D:4:      temple_statues, uniq_eustachio, uniq_natasha

Skill      XL: |  1  2  3 |
---------------+----------+-----
Maces & Flails | 2 3 |  3.4
Fighting       | 5 |  5.9
Dodging        | |  2.6
Shields        | |  2.6

Action                   |  1- 3 |  4- 6 || total
-------------------------+-------+-------++-------
Melee: Flail             |   121 |    94 ||   215
  Use: Scroll            |       |     5 ||     5
       Potion            |       |     2 ||     2
  Eat: Chunk             |       |     5 ||     5
Armor: Robe              |    45 |    29 ||    74
Dodge: Dodged            |    57 |    55 ||   112
Block: Shield            |    61 |    56 ||   117

Table legend:
 A = Spawn XP
 B = Non-spawn XP
 C = Spawn XP percentage of total XP
 D = Spawn monster count
 E = Non-spawn monster count
 F = Spawn count percentage of total count
 G = Total turns spent on level
                    A         B        C        D         E        F      G
               +---------+---------+-------+---------+---------+-------+---------
         Total |       0 |     170 |   0.0 |       0 |      57 |   0.0 |  2487
               +---------+---------+-------+---------+---------+-------+---------
           D:1 |       0 |      35 |   0.0 |       0 |      22 |   0.0 |   648
           D:2 |       0 |      71 |   0.0 |       0 |      15 |   0.0 |   706
           D:3 |       0 |      46 |   0.0 |       0 |      17 |   0.0 |   900
           D:4 |       0 |      18 |   0.0 |       0 |       3 |   0.0 |   233
               +---------+---------+-------+---------+---------+-------+---------
